 Dungeon Crawl Stone Soup version 0.14-a0-932-g154aeca (webtiles) character file.

1699 PolkaDot the Ruinous (level 8, -6/52 HPs)
             Began as a Vampire Conjurer on Nov 18, 2013.
             Was a Follower of Vehumet.
             Killed by divine providence
             ... invoked by an orc priest
              (14 damage)
             ... on Level 6 of the Dungeon.
             The game lasted 00:25:51 (5495 turns).

PolkaDot the Ruinous (Vampire Conjurer)             Turns: 5495, Time: 00:25:51

HP  -6/52        AC  5     Str  7      XL: 8   Next: 63%
MP  11/17        EV 12     Int 19      God: Vehumet [*.....]
Gold 90          SH  0     Dex 14      Spells:  4 memorised,  2 levels left

Res.Fire  : + . .   See Invis. : +   g - +2,+3 halberd (venom)
Res.Cold  : . . .   Warding    : .   a - +0 robe
Life Prot.: + . .   Conserve   : .   (no shield)
Res.Poison: .       Res.Corr.  : .   (no helmet)
Res.Elec. : .       Clarity    : .   b - +1 cloak
Sust.Abil.: . .     Spirit.Shd : .   o - +0 pair of gauntlets
Res.Mut.  : .       Stasis     : .   (no boots)
Res.Rott. : .       Flight     : .   l - amulet of faith
Saprovore : . . .                    (no ring)
                                     h - ring of protection from fire

@: exhausted, slowed, very slow, somewhat resistant to hostile enchantments,
stealthy
A: bottle blood, fangs 3, see invisible, unbreathing
a: Bat Form, Bottle Blood, Renounce Religion


You were on level 6 of the Dungeon.
You worshipped Vehumet.
Vehumet was aware of your devotion.
You were not thirsty.

You visited 2 branches of the dungeon, and saw 7 of its levels.
You also visited: Sewer.

You collected 222 gold pieces.
You spent 132 gold pieces at shops.

Inventory:

Hand weapons
 g - a +2,+3 halberd of venom (weapon)
Armour
 a - a +0 robe (worn)
 b - a +1 cloak (worn)
 o - a +0 pair of gauntlets (worn)
Magical devices
 e - a wand of disintegration (7)
 q - a wand of enslavement (5)
 s - a wand of slowing (1)
Scrolls
 d - 2 scrolls of teleportation
 f - a scroll of fog
 k - a scroll of identify
 m - a scroll of silence {unknown}
 r - 4 scrolls of remove curse
Jewellery
 h - a ring of protection from fire (left hand)
 l - an amulet of faith (around neck)
Potions
 i - a potion of cure mutation {unknown}
 j - a potion of resistance {unknown}
 p - a potion of curing {unknown}
 t - a potion of restore abilities {unknown}
Books
 c - a book of Conjurations

   Spells                             Type                      Level
   *Magic Dart                        Conjuration                  1
   *Searing Ray                       Conjuration                  2
   Dazzling Spray                     Conjuration/Hexes            3
   *Iskenderun's Mystic Blast         Conjuration                  4
   *Iskenderun's Battlesphere         Conjuration/Charms           4
   Fulminant Prism                    Conjuration/Hexes            5


   Skills:
 - Level 2.1 Dodging
 - Level 3.0 Stealth
 + Level 3.3 Spellcasting
 * Level 7.5 Conjurations
 + Level 5.5 Charms


You had 2 spell levels left.
You knew the following spells:

 Your Spells              Type           Power        Failure   Level  Hunger
a - Magic Dart            Conj           ####         1%          1    None
d - Iskenderun's Mystic   Conj           ####....     10%         4    ####...
s - Searing Ray           Conj           ####..       1%          2    ##.....
z - Iskenderun's Battles  Conj/Chrm      ####....     12%         4    ####...


Dungeon Overview and Level Annotations

Branches:
Dungeon (6/16)             Temple (1/1) D:4
    Orc: D:6-11

Altars:
Ashenzari
Cheibriados
Elyvilon
Fedhas
Kikubaaqudgha
Makhleb
Nemelex Xobeh
Okawaru
Sif Muna
Trog
Vehumet
Xom
Yredelemnul
Zin
the Shining One
Jiyva

Shops:
D:4 (/+*(


Innate Abilities, Weirdness & Mutations

You can bottle blood from corpses.
You have razor-sharp teeth.*
You have supernaturally acute eyesight.
You can survive without breathing.*


Message History

Drink which item? (? for menu, Esc to quit)
Okay, then.
Drink which item? (? for menu, Esc to quit)
A red film seems to cover your vision as you go berserk!
You feel yourself moving faster!
You feel mighty!
The orc shouts!
The orc warrior closely misses you.
You feel a strong urge to attack something.
You see here a dart.
You feel your anger subside.
You are no longer berserk.
You are exhausted.
You feel yourself slow down.
The orc priest calls upon Beogh to heal the orc warrior.
The orc warrior is healed somewhat.
Things that are here:
a whip; a dart The orc priest calls down the wrath of Beogh upon you.
Something smites you!
You die...

#..#<.....# #.. #..#..###o#
#..# #..#..# #.# #..# #..#..#
#o# #..# #[.#..# #.# ##..#
#..#..# #(# #...# #..#..###o#
#...# #..#..>##)# #...#
#..#...##@# ##..#
.######......##.###...########
...............<..............
..####..........>.............
#...##.###.##............
##..##.#...#####.###...##
########..##.#...#.###.......#
.............................#
...#####..##.###.#...##......#


You could see an orc warrior, an orc priest and an orc.

Vanquished Creatures
  Grinder (D:5)
  3 ogres (D:5)
  A phantom (D:6)
  An ice beast (D:5)
  A crocodile (Sewer)
  A hippogriff skeleton (D:5)
  A crimson imp (D:3)
  4 orc priests (D:5)
  3 jellies
  An iguana (D:6)
  3 worker ants
  3 hounds
  A scorpion (D:4)
  2 orc wizards (D:5)
  Ijyb (D:4)
  Terence (D:3)
  4 gnolls (D:2)
  6 adders
  A green rat (D:5)
  2 giant mites
  An inept feature mimic (D:2)
  3 worms
  4 giant geckos
  4 oozes (D:3)
  6 orcs (D:5)
  6 giant cockroaches
  13 goblins
  7 hobgoblins
  8 jackals
  12 kobolds
  17 bats
  8 giant newts
  14 rats
144 creatures vanquished.

Vanquished Creatures (others)
  A toadstool (D:3)
1 creature vanquished.

Grand Total: 145 creatures vanquished

Notes
Turn   | Place    | Note
--------------------------------------------------------------
     0 | D:1      | PolkaDot, the Vampire Conjurer, began the quest for the Orb.
     0 | D:1      | Reached XP level 1. HP: 13/13 MP: 4/4
   253 | D:1      | Reached XP level 2. HP: 17/19 MP: 0/5
   413 | D:1      | Learned a level 2 spell: Searing Ray
   817 | D:1      | Reached XP level 3. HP: 13/24 MP: 1/6
  1305 | D:2      | Reached skill level 4 in Conjurations
  1554 | D:2      | Reached XP level 4. HP: 20/30 MP: 5/8
  2272 | D:3      | Reached XP level 5. HP: 31/35 MP: 1/9
  2378 | D:3      | Noticed Terence
  2392 | D:3      | Killed Terence
  2437 | D:3      | Learned a level 4 spell: Iskenderun's Battlesphere
  2567 | D:3      | Reached skill level 5 in Conjurations
  2706 | D:3      | Reached skill level 1 in Charms
  2756 | D:3      | Reached XP level 6. HP: 41/41 MP: 6/11
  2757 | D:3      | Found a viscous altar of Jiyva.
  3159 | D:4      | Found Shrasch's Magical Wand Shoppe.
  3169 | D:4      | Noticed Ijyb
  3180 | D:4      | Killed Ijyb
  3192 | D:4      | Bought a wand of disintegration (7) for 132 gold pieces
  3275 | D:4      | Found Kaamoat's Weapon Shop.
  3281 | D:4      | Found Sabas' General Store.
  3318 | D:4      | Found Isaaw's Book Emporium.
  3343 | D:4      | Found a staircase to the Ecumenical Temple.
  3350 | D:4      | Found Qiliadiug's Weapon Emporium.
  3469 | Temple   | Entered the Ecumenical Temple
  3623 | Temple   | Became a worshipper of Vehumet
  3872 | D:5      | Entered Level 5 of the Dungeon
  4002 | D:5      | Reached XP level 7. HP: 17/46 MP: 7/12
  4153 | D:5      | Reached skill level 6 in Conjurations
  4469 | D:5      | Acquired Vehumet's first power
  4469 | D:5      | Offered knowledge of Flame Tongue by Vehumet.
  4532 | D:5      | Reached XP level 8. HP: 11/52 MP: 0/15
  4722 | D:5      | Noticed Grinder
  4724 | D:5      | Paralysed by Grinder for 6 turns
  4733 | D:5      | Paralysed by Grinder for 4 turns
  4753 | D:5      | Paralysed by Grinder for 7 turns
  4761 | D:5      | Killed Grinder
  4761 | D:5      | Reached skill level 7 in Conjurations
  4855 | D:5      | Reached skill level 5 in Charms
  4975 | D:5      | Found a glowing drain.
  4989 | Sewer    | Entered a sewer
  5055 | Sewer    | Learned a level 4 spell: Iskenderun's Mystic Blast
  5495 | D:6      | Killed from afar by an orc priest

Action                   |  1- 3 |  4- 6 |  7- 9 || total
-------------------------+-------+-------+-------++-------
Melee: Short sword       |    79 |     4 |       ||    83
       Unarmed           |    18 |       |       ||    18
       Halberd           |       |   147 |    83 ||   230
 Cast: Magic Dart        |    29 |     8 |    16 ||    53
       Searing Ray       |     4 |    13 |    25 ||    42
       Iskenderun's Batt |       |       |     3 ||     3
  Use: Potion            |     1 |     1 |     4 ||     6
       Scroll            |       |    14 |       ||    14
 Stab: Sleeping          |     2 |     7 |     2 ||    11
